 Dungeon Crawl Stone Soup version 0.26-a0-663-g36e8fdb655 (webtiles) character file.

Game seed: 9622508353912277309

59516 jasper the Covert (level 14, -6/113 HPs)
             Began as a Gnoll Delver on Oct 11, 2020.
             Was the Champion of Cheibriados.
             Mangled by Agnes
             ... wielding a +1 lajatang of electrocution
              (16 damage)
             ... on level 13 of the Dungeon.
             The game lasted 00:48:40 (25001 turns).

jasper the Covert (Gnoll Delver)                   Turns: 25001, Time: 00:48:41

Health: -6/113     AC: 16    Str: 30    XL:     14   Next: 95%
Magic:  2/27       EV: 27    Int: 28    God:    Cheibriados [******]
Gold:   2322       SH:  0    Dex: 40    Spells: 11/32 levels left

rFire    . . .     SeeInvis .   e - +8 arbalest "Tenges" {freeze, +Inv Str-3 Int-4 Dex+9}
rCold    + + .     Faith    .   (shield currently unavailable)
rNeg     + + .     Spirit   .   Z - +0 ice dragon scales
rPois    .         Reflect  .   s - +2 hat
rElec    .         Harm     .   R - +1 cloak {rF+}
rCorr    .         Rampage  .   o - +0 pair of gloves
MR       ++...                  y - +0 pair of boots
Stlth    +++++.....             (no amulet)
HPRegen  0.28/turn              u - +4 ring of evasion
MPRegen  0.20/turn              f - ring "Xottolel" {rN++ AC-4}

@: very slow
A: distributed training, fangs 1, blurry vision 2, magic resistance 1, strong 1,
strong nose
a: Bend Time, Temporal Distortion, Slouch, Step From Time, Renounce Religion,
Evoke Invisibility


You were on level 13 of the Dungeon.
You worshipped Cheibriados.
Cheibriados was exalted by your worship.
You visited 4 branches of the dungeon, and saw 21 of its levels.
You also visited: Volcano.

You collected 2322 gold pieces.

Inventory:

Hand Weapons
 e - the +8 arbalest "Tenges" (weapon) {freeze, +Inv Str-3 Int-4 Dex+9}
   (You found it on level 2 of the Lair of Beasts)

   It causes projectiles fired from it to freeze those they strike, causing
   extra injury to most foes and up to half again as much damage against
   particularly susceptible opponents.
   They can also slow down cold-blooded creatures.
   It affects your strength (-3).
   It affects your intelligence (-4).
   It affects your dexterity (+9).
   It lets you turn invisible.
 Q - a +0 antimagic spear
 U - a +2 battleaxe of flaming
Missiles
 h - 490 arrows
 i - 2 throwing nets
 F - 26 bolts (quivered)
Armour
 o - a +0 pair of gloves (worn)
 s - a +2 hat (worn)
 y - a +0 pair of boots (worn)
 C - the +2 robe "Xyrr" {rF+}
   (You found it on level 9 of the Dungeon)

   It protects you from fire.
 E - a +0 troll leather armour
 J - a +0 buckler
 R - a +1 cloak of fire resistance (worn)
 Z - +0 ice dragon scales (worn)
Magical Staves
 G - an uncursed staff of conjuration
Jewellery
 f - the ring "Xottolel" (right hand) {rN++ AC-4}
   (You found it on level 5 of the Lair of Beasts)

   [ring of protection]

   It affects your AC (-4).
   It greatly protects you from negative energy.
 u - a +4 ring of evasion (left hand)
 B - an uncursed ring of flight
 D - an uncursed ring of attention
Wands
 m - a wand of disintegration (12)
 w - a wand of iceblast (9)
 K - a wand of enslavement (4)
 P - a wand of acid (15)
 X - a wand of flame (15)
 Y - a wand of paralysis (6)
Scrolls
 b - 4 scrolls of fog
 c - 5 scrolls of magic mapping
 d - 2 scrolls of fear
 g - 3 scrolls of noise
 k - 10 scrolls of remove curse
 l - 3 scrolls of enchant armour
 t - 2 scrolls of amnesia
 A - 2 scrolls of blinking
 H - 3 scrolls of teleportation
 I - 2 scrolls of vulnerability
 M - a scroll of silence
 V - a scroll of enchant weapon
 W - a scroll of brand weapon
Potions
 a - 5 potions of flight
 j - 2 potions of magic
 n - 4 potions of resistance
 p - 5 potions of curing
 q - 2 potions of invisibility {unknown}
 r - 7 potions of brilliance
 v - a potion of ambrosia
 L - 5 potions of might
 N - a potion of mutation
 S - 3 potions of stabbing
 T - 2 potions of berserk rage {unknown}
Miscellaneous
 x - a phial of floods


   Skills:
 + Level 11.4 Fighting
 + Level 9.6 Short Blades
 + Level 9.6 Long Blades
 + Level 9.6 Axes
 + Level 9.6 Maces & Flails
 + Level 9.6 Polearms
 + Level 9.6 Staves
 + Level 9.6 Slings
 + Level 9.6 Bows
 + Level 9.6 Crossbows
 + Level 9.6 Throwing
 + Level 9.6 Armour
 + Level 10.6 Dodging
 + Level 13.0 Stealth
 + Level 9.6 Shields
 + Level 10.6 Unarmed Combat
 + Level 9.6 Spellcasting
 + Level 8.1 Conjurations
 + Level 8.1 Hexes
 + Level 8.1 Summonings
 + Level 8.1 Necromancy
 + Level 8.1 Translocations
 + Level 8.1 Transmutations
 + Level 8.1 Fire Magic
 + Level 8.1 Ice Magic
 + Level 8.1 Air Magic
 + Level 8.1 Earth Magic
 + Level 8.1 Poison Magic
 + Level 10.4 Invocations
 + Level 9.6 Evocations


You had 11 spell levels left.
You knew the following spells:

 Your Spells              Type           Power        Failure   Level
a - Ensorcelled Hibernat  Hex/Ice        ######       1%          2
b - Confusing Touch       Hex            ######..     1%          3
c - Tukima's Dance        Hex            ######..     1%          3
d - Fulminant Prism       Conj/Hex       ######....   3%          4
e - Iskenderun's Mystic   Conj/Tloc      ######..     3%          4
f - Agony                 Necr           ######..     9%          5

Your spell library contained the following spells:

 Spells                   Type           Power        Failure   Level
 Animate Skeleton         Necr           ######       1%          1
 Corona                   Hex            ######.      1%          1
 Magic Dart               Conj           ####         1%          1
 Pain                     Necr           ####         1%          1
 Searing Ray              Conj           ######       1%          2
 Dazzling Flash           Conj/Hex       ######       1%          3
 Vampiric Draining        Necr           ######....   1%          3
 Animate Dead             Necr           ######....   3%          4


Dungeon Overview and Level Annotations

Branches:
Dungeon (14/15)            Temple (1/1) D:4            Lair (5/6) D:11
 Shoals (0/4) Lair:4       Spider (0/4) Lair:4          Orc (1/2) D:9
Volcano (visited)
  Slime: Lair:5-6    Vaults: D:13-14

Altars:
Cheibriados
Dithmenos
Nemelex Xobeh
Okawaru
Qazlal
Trog
Uskayaw
Vehumet
Wu Jian
Xom
Yredelemnul
Zin
The Shining One

Shops:
D:7 (

Annotations:
D:8 exclusion: cyclops
D:11 Snorg
D:13 Agnes, Jorgrun
Lair:2 exclusion: boulder beetle


Innate Abilities, Weirdness & Mutations

Your experience applies equally to all skills.
You have very sharp teeth.
Your uncanny sense of smell can sniff out nearby items.
Scrolls take you longer to read.
You are resistant to hostile enchantments. (MR+)
Your muscles are strong. (Str +2)


Message History

* * * LOW HITPOINT WARNING * * *
The red ugly thing barely misses you.
You regained 9 hp, and now have 14/113 hp.
You feel much better.
Agnes hits you with a +1 lajatang of electrocution.
The cyan ugly thing completely misses you.
Jorgrun hits you but does no damage. The red ugly thing closely misses you.
You regained 26 hp, and now have 40/113 hp.
Unknown command.
Unknown command.
You can feel time thicken for a moment.
You kill the red ugly thing!
Cheibriados thoroughly appreciates the change of pace.
Agnes hits you with a +1 lajatang of electrocution!!
* * * LOW HITPOINT WARNING * * *
The cyan ugly thing misses you.
Agnes hits you with a +1 lajatang of electrocution.
* * * LOW HITPOINT WARNING * * *
You are electrocuted!
You die...

#############################
...............q@u..........#
..............##†i......###.#
..............##........###.#
............................#
#####'#######'#########.....#
.##....#........#.....#.###.#
.##....#........#.....#.###.#
####..###.##....##...##.....#
####..###.##....##...#......#


You could see Jorgrun, Agnes and a cyan ugly thing.

Vanquished Creatures
  Josephine (Lair:4)
  A fire dragon (Volcano)
  An ice dragon (Lair:5)
  Harold (D:11)
  6 hydras
  A boulder beetle (D:13)
  8 two-headed ogres
  Nergalle (Lair:1)
  5 skeletal warriors (D:12)
  An unseen horror (D:11)
  An orc knight (Orc:1)
  3 ugly things
  2 manticores
  A cyclops (D:12)
  3 salamanders (Volcano)
  Joseph (D:10)
  A torpor snail (Lair:4)
  13 elephants
  2 black mambas
  8 cane toads
  A centaur zombie (D:10)
  A rime drake (Lair:1)
  A gargoyle (D:13)
  9 komodo dragons
  A troll (D:9)
  3 polar bears
  2 hornets
  16 blink frogs
  4 dream sheep (Lair:4)
  9 slime creatures
  3 shadows
  11 wyverns
  2 basilisks
  4 redbacks (Lair:4)
  5 wraiths
  24 yaks
  4 fire bats (Volcano)
  2 vampire mosquitoes (D:12)
  2 steam dragons (Volcano)
  A warg (Orc:1)
  14 water moccasins
  An acid dragon (D:11)
  10 orc warriors
  5 black bears
  3 ice beasts
  3 sky beasts
  4 phantoms
  9 ogres
  2 necrophages
  18 wolves
  17 centaurs
  12 bullfrogs
  2 wyvern zombies (D:13)
  6 scorpions
  2 wyvern skeletons
  8 killer bees
  11 wights
  An electric eel (Lair:5)
  10 howler monkeys
  A quasit (D:12)
  2 bullfrog zombies
  4 centaur skeletons
  5 hounds
  16 orc wizards
  4 bullfrog skeletons
  3 orc priests
  A gnoll shaman (D:6)
  3 jellies
  3 iguanas
  16 worker ants
  A worker ant zombie (D:11)
  12 gnolls
  13 adders
  A white imp (D:6)
  An ufetubus (D:10)
  2 oozes
  An adder zombie (D:7)
  4 worms
  2 dart slugs
  7 leopard geckos
  53 orcs
  A ball python (D:3)
  A giant cockroach (D:7)
  11 goblins
  10 hobgoblins
  3 jackals (D:4)
  3 quokkas
  A bat (D:3)
  7 frilled lizards
  A giant cockroach zombie (D:5)
  A jackal skeleton (D:7)
  13 kobolds
  A leopard gecko skeleton (D:5)
  A quokka zombie (D:9)
  9 rats
  A spectral orc (D:6)
523 creatures vanquished.

Vanquished Creatures (others)
  An orc warrior (D:8)
  3 howler monkeys (D:8)
  A worker ant (D:14)
  3 orcs (D:8)
  5 bushes
  22 fulminant prisms
  20 fungi
  149 plants
204 creatures vanquished.

Grand Total: 727 creatures vanquished

Notes
Turn   | Place    | Note
-------+----------+-------------------------------------------
     0 | D:5      | Reached skill level 9 in Stealth
     0 | D:5      | jasper the Gnoll Delver began the quest for the Orb.
     0 | D:5      | Reached XP level 1. HP: 23/23 MP: 1/1
   148 | D:4      | Found a shadowy altar of Dithmenos.
   159 | D:4      | Noticed a hound
   200 | D:4      | Found an iron altar of Okawaru.
   245 | D:4      | Reached XP level 2. HP: 25/29 MP: 2/2
   362 | D:4      | Found a staircase to the Ecumenical Temple.
   371 | D:4      | Reached XP level 3. HP: 24/35 MP: 2/4
   376 | Temple   | Entered the Ecumenical Temple
   612 | Temple   | Became a worshipper of Cheibriados the Contemplative
   638 | D:4      | Reached skill level 1 in Invocations
   866 | D:2      | Found a glowing golden altar of the Shining One.
   866 | D:2      | Found a stormy altar of Qazlal.
   869 | D:2      | Found an ornate altar of the Wu Jian Council.
   894 | D:3      | Reached skill level 1 in Short Blades
   894 | D:3      | Reached skill level 1 in Long Blades
   894 | D:3      | Reached skill level 1 in Axes
   894 | D:3      | Reached skill level 1 in Maces & Flails
   894 | D:3      | Reached skill level 1 in Polearms
   894 | D:3      | Reached skill level 1 in Staves
   894 | D:3      | Reached skill level 1 in Slings
   894 | D:3      | Reached skill level 1 in Bows
   894 | D:3      | Reached skill level 1 in Crossbows
   894 | D:3      | Reached skill level 1 in Throwing
   894 | D:3      | Reached skill level 1 in Armour
   894 | D:3      | Reached skill level 1 in Shields
   894 | D:3      | Reached skill level 1 in Spellcasting
   894 | D:3      | Reached skill level 1 in Evocations
  1134 | D:2      | Reached XP level 4. HP: 38/41 MP: 5/5
  1339 | D:1      | Reached * piety under Cheibriados
  1426 | D:1      | Reached skill level 1 in Conjurations
  1426 | D:1      | Reached skill level 1 in Hexes
  1426 | D:1      | Reached skill level 1 in Summonings
  1426 | D:1      | Reached skill level 1 in Necromancy
  1426 | D:1      | Reached skill level 1 in Translocations
  1426 | D:1      | Reached skill level 1 in Transmutations
  1426 | D:1      | Reached skill level 1 in Fire Magic
  1426 | D:1      | Reached skill level 1 in Ice Magic
  1426 | D:1      | Reached skill level 1 in Air Magic
  1426 | D:1      | Reached skill level 1 in Earth Magic
  1426 | D:1      | Reached skill level 1 in Poison Magic
  2352 | D:2      | Reached ** piety under Cheibriados
  2388 | D:2      | Reached XP level 5. HP: 47/47 MP: 5/7
  2435 | D:2      | Found a radiant altar of Vehumet.
  2977 | D:3      | Reached XP level 6. HP: 24/53 MP: 8/8
  3203 | D:3      | Reached skill level 5 in Dodging
  3203 | D:3      | Reached skill level 5 in Unarmed Combat
  3346 | D:3      | Found a faded altar of an unknown god.
  3920 | D:5      | Noticed a phantom
  3949 | D:5      | Reached XP level 7. HP: 59/59 MP: 10/10
  4257 | D:5      | Reached *** piety under Cheibriados
  4353 | D:5      | Reached skill level 10 in Stealth
  4475 | D:5      | Reached XP level 8. HP: 26/67 MP: 12/12
  5178 | D:5      | Found a hide-covered altar of Uskayaw.
  5363 | D:6      | Found a basalt altar of Yredelemnul.
  6074 | D:6      | Reached **** piety under Cheibriados
  6087 | D:6      | Reached XP level 9. HP: 68/72 MP: 14/14
  6106 | D:6      | Found a bloodstained altar of Trog.
  6269 | D:7      | Found a shimmering altar of Xom.
  6269 | D:7      | Found a glowing silver altar of Zin.
  6270 | D:7      | Noticed an angel
  6512 | D:7      | Reached ***** piety under Cheibriados
  6514 | D:7      | Gained mutation: Scrolls take you a little longer to read.
                  | [potion of mutation]
  6514 | D:7      | Gained mutation: Your muscles are strong. (Str +2) [potion
                  | of mutation]
  6514 | D:7      | Gained mutation: Scrolls take you longer to read. [potion
                  | of mutation]
  6514 | D:7      | Gained mutation: You are resistant to hostile enchantments.
                  | (MR+) [potion of mutation]
  6910 | D:7      | Found Duenwian's Antique Weapon Shoppe.
  7592 | D:8      | Reached skill level 5 in Invocations
  8249 | D:8      | Found a sparkling altar of Nemelex Xobeh.
  8356 | D:8      | Noticed a cyclops
  8399 | D:9      | Noticed a two-headed ogre
  8417 | D:9      | Reached XP level 10. HP: 58/80 MP: 17/17
  8425 | D:9      | Killed a two-headed ogre
  8425 | D:9      | Reached skill level 5 in Short Blades
  8425 | D:9      | Reached skill level 5 in Long Blades
  8425 | D:9      | Reached skill level 5 in Axes
  8425 | D:9      | Reached skill level 5 in Maces & Flails
  8425 | D:9      | Reached skill level 5 in Polearms
  8425 | D:9      | Reached skill level 5 in Staves
  8425 | D:9      | Reached skill level 5 in Slings
  8425 | D:9      | Reached skill level 5 in Bows
  8425 | D:9      | Reached skill level 5 in Crossbows
  8425 | D:9      | Reached skill level 5 in Throwing
  8425 | D:9      | Reached skill level 5 in Armour
  8425 | D:9      | Reached skill level 5 in Shields
  8425 | D:9      | Reached skill level 5 in Spellcasting
  8425 | D:9      | Reached skill level 5 in Evocations
  8558 | D:9      | Got a sheer robe
  8569 | D:9      | Identified the +2 robe "Xyrr" {rF+} (You found it on level
                  | 9 of the Dungeon)
  9095 | D:9      | Found a staircase to the Orcish Mines.
  9564 | D:10     | Entered Level 10 of the Dungeon
 10203 | D:10     | Learned a level 2 spell: Ensorcelled Hibernation
 10207 | D:10     | Learned a level 3 spell: Confusing Touch
 10211 | D:10     | Learned a level 3 spell: Tukima's Dance
 10225 | D:10     | Noticed Joseph
 10382 | D:11     | Killed an unseen horror
 10382 | D:11     | Reached skill level 11 in Stealth
 10616 | D:11     | Reached XP level 11. HP: 87/87 MP: 19/19
 11173 | D:11     | Reached skill level 5 in Conjurations
 11173 | D:11     | Reached skill level 5 in Hexes
 11173 | D:11     | Reached skill level 5 in Summonings
 11173 | D:11     | Reached skill level 5 in Necromancy
 11173 | D:11     | Reached skill level 5 in Translocations
 11173 | D:11     | Reached skill level 5 in Transmutations
 11173 | D:11     | Reached skill level 5 in Fire Magic
 11173 | D:11     | Reached skill level 5 in Ice Magic
 11173 | D:11     | Reached skill level 5 in Air Magic
 11173 | D:11     | Reached skill level 5 in Earth Magic
 11173 | D:11     | Reached skill level 5 in Poison Magic
 11421 | D:11     | Found a staircase to the Lair.
 11453 | D:11     | Noticed a two-headed ogre
 11488 | D:11     | Killed a two-headed ogre
 11489 | D:11     | Noticed Snorg
 11931 | D:10     | Killed Joseph
 12105 | D:10     | Noticed a two-headed ogre
 12119 | D:10     | Killed a two-headed ogre
 12134 | D:10     | Reached ****** piety under Cheibriados
 12977 | Lair:1   | Entered Level 1 of the Lair of Beasts
 12983 | Lair:1   | Noticed a five-headed hydra
 13079 | D:11     | Noticed a manticore
 13103 | D:11     | Killed a manticore
 13330 | Lair:1   | Noticed Nergalle
 13333 | Lair:1   | Noticed a spectral orc warlord
 13352 | D:11     | Reached XP level 12. HP: 56/96 MP: 11/22
 13611 | Lair:1   | Killed a five-headed hydra
 13619 | Lair:1   | Killed Nergalle
 15099 | Lair:2   | Reached skill level 10 in Fighting
 15180 | Lair:2   | Got a polished arbalest
 15181 | Lair:2   | Identified the +8 arbalest "Tenges" {freeze, +Inv Str-3
                  | Int-4 Dex+9} (You found it on level 2 of the Lair of
                  | Beasts)
 15657 | Lair:2   | Reached skill level 12 in Stealth
 15672 | Lair:2   | Noticed a boulder beetle
 16136 | Lair:3   | Noticed a seven-headed hydra
 16138 | Lair:3   | Killed a seven-headed hydra
 16196 | Lair:3   | Reached XP level 13. HP: 103/103 MP: 24/24
 16714 | Lair:4   | Found a dark tunnel.
 16727 | Volcano  | Entered a volcano
 17448 | Volcano  | Noticed a fire dragon
 17467 | Volcano  | Killed a fire dragon
 17986 | Lair:4   | Found a staircase to the Shoals.
 18582 | Lair:4   | Found a hole to the Spider Nest.
 19119 | Lair:4   | Noticed Josephine
 19129 | Lair:4   | Killed Josephine
 19587 | Lair:5   | Reached XP level 14. HP: 47/111 MP: 26/26
 19814 | Lair:5   | Reached skill level 10 in Dodging
 19814 | Lair:5   | Reached skill level 10 in Unarmed Combat
 19886 | Lair:5   | Got a brightly glowing robe
 19897 | Lair:5   | Identified the +2 robe of Ahurusoe {Harm +Blink rC- Dex-3}
                  | (You found it on level 5 of the Lair of Beasts)
 19976 | Lair:5   | Found the cursed necklace of Bloodlust {*Rage +Rage MR++
                  | Int-3 Slay+6 *Curse}
 20424 | Lair:5   | Got a heavily runed platinum ring
 20425 | Lair:5   | Identified the cursed ring "Xottolel" {rN++ AC-4} (You
                  | found it on level 5 of the Lair of Beasts)
 20461 | Lair:5   | Learned a level 4 spell: Fulminant Prism
 20466 | Lair:5   | Learned a level 4 spell: Iskenderun's Mystic Blast
 20919 | Orc:1    | Entered Level 1 of the Orcish Mines
 21076 | Orc:1    | Noticed an orc warlord
 21541 | D:11     | Noticed Harold
 21544 | D:11     | Killed Harold
 22148 | D:12     | Reached skill level 10 in Invocations
 23795 | D:12     | Learned a level 5 spell: Agony
 23852 | D:13     | Reached skill level 13 in Stealth
 24252 | D:13     | Identified a scroll of acquirement
 24254 | D:13     | Acquired 951 gold pieces
 24985 | D:14     | Noticed Agnes
 24994 | D:14     | Noticed Jorgrun
 24997 | D:14     | HP: 5/113 [cyan ugly thing (17)]
 25001 | D:13     | Mangled by Agnes

Illustrated notes

Levels and vault maps discovered:
D:1:      dpeg_arrival_water_temple_mockup, layout_basic
D:2:      layout_rooms, nicolae_overflow_hidden_temple, marbit_many_paths
D:3:      layout_loops_corners, chequers_ecumenical_altar_simple
D:4:      layout_rooms, lemuel_crystal_altar, minmay_temple_entry_trees,
          okawaru_ov_weapons_minmay
D:5:      layout_basic, kennysheep_mini
D:6:      layout_basic, yredelemnul_forgotten_temple_becter,
          chequers_serial_rivers_micro_d, trog_ov_bears_minmay
D:7:      layout_basic, grunt_temple_overflow_order_and_chaos_1, serial_shops,
          shop, feat_on_display
D:8:      layout_gridville, nemelex_xobeh_ov_fountains_minmay, hex_medium,
          lemuel_flamethrower_2
D:9:      layout_roguey, orc_0_dummy
D:10:     layout_cave_pools, uniq_joseph
D:11:     layout_irregular_city, minmay_lair_entry_grove, uniq_snorg,
          uniq_harold
D:12:     layout_stronghold, chequers_jeans
D:13:     layout_stronghold
D:14:     layout_irregular_city, erik_vaults_1,
          gammafunk_ghost_wrathful_warriors, corexii_hall_statues_u, uniq_agnes,
          uniq_louise, uniq_jorgrun
Temple:   minmay_temple_forest_path
Lair:1:   layout_regular_city, serial_forest, infiniplex_forest_clump_tiny,
          infiniplex_forest_end_1, infiniplex_forest_zigzag_1,
          infiniplex_forest_clump_small, infiniplex_forest_split,
          infiniplex_forest_end_double, uniq_nergalle
Lair:2:   layout_loops_ring
Lair:3:   layout_hall_layers, infiniplex_staircase_pool_2
Lair:4:   layout_regular_city, minmay_shoals_entry_centaurs,
          spider_nest_entry_webs, enter_volcano_1, uniq_josephine
Lair:5:   dragon1_lemuel, layout_cave_pods
Orc:1:    layout_caves, enter_bailey_3, serial_shops, shop_statue

Skill      XL: |  1  2  3  4  5  6  7  8  9 10 11 12 13 14 |
---------------+-------------------------------------------+-----
Stealth        | 10 11 12 13 | 13.0
Invocations    | 1 2 3 4 5 6 7 8 9 10 | 10.4
Short Blades   | 1 2 3 4 5 6 7 8 9 |  9.6
Long Blades    | 1 2 3 4 5 6 7 8 9 |  9.6
Axes           | 1 2 3 4 5 6 7 8 9 |  9.6
Maces & Flails | 1 2 3 4 5 6 7 8 9 |  9.6
Polearms       | 1 2 3 4 5 6 7 8 9 |  9.6
Staves         | 1 2 3 4 5 6 7 8 9 |  9.6
Slings         | 1 2 3 4 5 6 7 8 9 |  9.6
Bows           | 1 2 3 4 5 6 7 8 9 |  9.6
Crossbows      | 1 2 3 4 5 6 7 8 9 |  9.6
Throwing       | 1 2 3 4 5 6 7 8 9 |  9.6
Armour         | 1 2 3 4 5 6 7 8 9 |  9.6
Shields        | 1 2 3 4 5 6 7 8 9 |  9.6
Spellcasting   | 1 2 3 4 5 6 7 8 9 |  9.6
Evocations     | 1 2 3 4 5 6 7 8 9 |  9.6
Conjurations   | 1 2 3 4 5 6 7 8 |  8.1
Hexes          | 1 2 3 4 5 6 7 8 |  8.1
Summonings     | 1 2 3 4 5 6 7 8 |  8.1
Necromancy     | 1 2 3 4 5 6 7 8 |  8.1
Translocations | 1 2 3 4 5 6 7 8 |  8.1
Transmutations | 1 2 3 4 5 6 7 8 |  8.1
Fire Magic     | 1 2 3 4 5 6 7 8 |  8.1
Ice Magic      | 1 2 3 4 5 6 7 8 |  8.1
Air Magic      | 1 2 3 4 5 6 7 8 |  8.1
Earth Magic    | 1 2 3 4 5 6 7 8 |  8.1
Poison Magic   | 1 2 3 4 5 6 7 8 |  8.1
Dodging        | 5 6 7 8 9 10 | 10.6
Unarmed Combat | 5 6 7 8 9 10 | 10.6
Fighting       | 7 8 9 10 11 | 11.4

Action                   |  1- 3 |  4- 6 |  7- 9 | 10-12 | 13-15 || total
-------------------------+-------+-------+-------+-------+-------++-------
Melee: Unarmed           |    60 |   143 |   169 |   336 |    57 ||   765
       Bite              |     7 |    18 |    34 |    98 |    20 ||   177
       Punch             |     1 |     3 |    10 |    36 |     6 ||    56
       Spear             |       |       |       |       |     4 ||     4
 Fire: Shortbow          |       |       |   163 |   163 |       ||   326
       Arbalest          |       |       |       |    48 |   389 ||   437
Throw: Boomerang         |     7 |    72 |       |    51 |       ||   130
       Stone             |       |     1 |    38 |       |       ||    39
 Cast: Confusing Touch   |       |       |       |    35 |     2 ||    37
       Ensorcelled Hiber |       |       |       |    21 |       ||    21
       Fulminant Prism   |       |       |       |       |    22 ||    22
       Iskenderun's Myst |       |       |       |       |    13 ||    13
       Agony             |       |       |       |       |     1 ||     1
Invok: Slouch            |       |       |       |     1 |     9 ||    10
Evoke: Wand              |       |       |    14 |    27 |    10 ||    51
  Use: Potion            |     1 |     1 |     6 |     3 |     4 ||    15
       Scroll            |       |     5 |    12 |     3 |     4 ||    24
 Stab: Sleeping          |     2 |     9 |     1 |     4 |       ||    16
       Paralysed         |       |       |       |     4 |       ||     4
       Confused          |       |       |       |    45 |     4 ||    49
Armor: Leather armour    |     7 |    24 |    45 |       |       ||    76
       Skin              |       |     7 |     5 |       |       ||    12
       Robe              |       |       |       |    84 |    24 ||   108
       Ice dragon scales |       |       |       |       |    30 ||    30
       Troll leather arm |       |       |       |       |     1 ||     1
Dodge: Dodged            |    43 |    58 |   191 |   383 |   367 ||  1042

Table legend: (Time is in decaauts)
 A = Elapsed time spent in this place.
 B = Non-inter-level travel time spent in this place.
 C = Inter-level travel time spent in this place.
 D = Time resting spent in this place.
 E = Time spent auto-exploring this place.
 F = Levels seen in this place.
 G = Mean time per level.
                   A        B        C        D        E       F      G
               +--------+--------+--------+--------+--------+-----+--------+
         Total |  35132 |  33482 |   1650 |   5871 |  22558 |  22 | 1596.9 |
       Dungeon |  23820 |  22764 |   1056 |   3679 |  15629 |  14 | 1701.4 |
        Temple |    254 |    233 |     21 |      0 |    221 |   1 |  254.0 |
          Lair |   9731 |   9159 |    572 |   1718 |   6244 |   5 | 1946.2 |
  Orcish Mines |    182 |    182 |      0 |      0 |    115 |   1 |  182.0 |
       Volcano |   1143 |   1143 |      0 |    474 |    349 |   1 | 1143.0 |
               +--------+--------+--------+--------+--------+-----+--------+

Top non-repeatable levels by time:
    D:11: 3528 daAuts
  Lair:4: 2842 daAuts
    D:12: 2761 daAuts
  Lair:1: 2343 daAuts
     D:9: 2293 daAuts
    D:10: 2203 daAuts
     D:7: 2083 daAuts
  Lair:5: 1950 daAuts
    D:13: 1853 daAuts
     D:5: 1834 daAuts
     D:3: 1503 daAuts
     D:6: 1440 daAuts
     D:1: 1429 daAuts
  Lair:3: 1399 daAuts
     D:8: 1343 daAuts
